 Dungeon Sprint DCSS version 0.28.0-49-g6dfe1f597d (webtiles) character file.

Game seed: 2376992585770193852

459 Revguard the Skirmisher (level 6, 0/84 HPs)
             Began as a Demonspawn Berserker on May 12, 2022.
             Was a Believer of Trog.
             Splashed by a jelly's acid (9 damage)
             ... in the Dungeon (Sprint I: "Red Sonja").
             The game lasted 00:02:29 (411 turns).

Revguard the Skirmisher (Demonspawn Berserker)       Turns: 411, Time: 00:02:29

Health: 0/84       AC:  2    Str: 17    XL:     6   Next: 78%
Magic:  6/6        EV: 13    Int:  9    God:    Trog [**....]
Gold:   162        SH:  0    Dex: 14    Spells: 5/5 levels left

rFire   . . .      SeeInvis .   a - +0 hand axe
rCold   . . .      Faith    .   (no shield)
rNeg    . . .      Spirit   .   j - +0 ring mail
rPois   .          Reflect  .   (helmet restricted)
rElec   .          Harm     .   (no cloak)
rCorr   .          Rampage  .   (no gloves)
Will    .....      NoTele   +   (no boots)
Stlth   ..........              (no amulet)
HPRegen 0.24/turn               (no ring)
MPRegen 0.20/turn               (no ring)

@: berserking, corroded, very quick
A: horns 1, spiny 1, magic regeneration
a: Renounce Religion, Berserk, Trog's Hand


You were in the Dungeon.
You worshipped Trog.
Trog was pleased with you.
You visited 1 branch You collected 162 gold pieces.

Inventory:

Hand Weapons
 a - a +0 hand axe (weapon)
Armour
 b - a +0 animal skin
 j - a +0 ring mail (worn)
Wands
 i - a wand of paralysis (6)
Scrolls
 h - a scroll of blinking
Potions
 d - a potion of degeneration
 f - 2 potions of magic
 g - a potion of berserk rage


   Skills:
 + Level 7.9 Fighting
 + Level 7.2 Axes
 + Level 6.9 Armour
 + Level 6.9 Dodging


You had 5 spell levels left.
You didn't know any spells.
Your spell library was empty.

Dungeon Overview and Level Annotations

Branches:
Dungeon (1/1)

Altars:
Makhleb
Sif Muna
Vehumet
Wu Jian
Xom
Jiyva
Lugonu


Innate Abilities, Weirdness & Mutations

You have a pair of small horns on your head.
You are partially covered in sharp spines.
You regenerate magic rapidly.


Message History

There is an open door, spattered with blood here.
You start resting.
You feel yourself speed up.
You start resting.
You recover from your berserk rage.
You open the door.
Found 18 gold pieces.
Found two altars.
A jelly comes into view.
The jelly quivers.
The jelly moves out of view.
There is an open door here.
Found a radiant altar of Vehumet.
You see here 10 gold pieces.
The jelly barely misses you.
You see here 8 gold pieces.
You hit the jelly but do no damage. The acid corrodes you!
Your hands burn!
You headbutt the jelly.
The jelly is lightly wounded.
The jelly is struck by your spines. The jelly hits you.
You are splashed with acid!
You barely miss the jelly. You headbutt the jelly.
The jelly is heavily wounded.
You hit the jelly.
Your hands burn!
The jelly is severely wounded.
The jelly hits you.
You are splashed with acid!
You hit the jelly but do no damage.
Your hands burn!
The jelly is severely wounded.
The jelly hits you.
You are splashed with acid!
* * * LOW HITPOINT WARNING * * *
You feel better. The jelly is struck by your spines. The jelly hits you.
* * * LOW HITPOINT WARNING * * *
You are splashed with acid!
* * * LOW HITPOINT WARNING * * *
You see here 10 gold pieces.
There is an open door here.
A red film seems to cover your vision as you go berserk!
You feel yourself moving faster!
You feel mighty! The jelly hits you.
* * * LOW HITPOINT WARNING * * *
You are splashed with acid!
You die...

###################
#<.#÷.)..#..'..#__#
#.)'..#..').#..'..+
#..#####'#####@#__#
#..# #..# #J####
#..# #### #$# #..#
#_.+ #⌠⌠# ..._#
#### #_.#+# ##+


You could see a jelly.

Vanquished Creatures
  A slime creature (D)
  Sigmund (D)
  An ogre (D)
  Ijyb (D)
4 creatures vanquished.

Notes
Turn   | Place    | Note
-------+----------+-------------------------------------------
     0 | D        | Revguard the Demonspawn Berserker began the quest for the
                  | Orb.
     0 | D        | Reached XP level 1. HP: 18/18 MP: 1/1
     2 | D        | Noticed Ijyb
    10 | D        | Killed Ijyb
    11 | D        | Gained mutation: You are partially covered in sharp spines.
                  | [demonic ancestry]
    11 | D        | Reached XP level 2. HP: 25/25 MP: 2/2
    61 | D        | Noticed an ogre
    66 | D        | Killed an ogre
    67 | D        | Reached skill level 5 in Fighting
    67 | D        | Gained mutation: You have a pair of small horns on your
                  | head. [demonic ancestry]
    67 | D        | Reached XP level 3. HP: 33/33 MP: 3/3
    67 | D        | Gained mutation: You regenerate magic rapidly. [demonic
                  | ancestry]
    67 | D        | Reached XP level 4. HP: 39/39 MP: 4/4
    70 | D        | Noticed Sigmund
    86 | D        | Killed Sigmund
    86 | D        | Reached ** piety under Trog
    87 | D        | Reached skill level 5 in Armour
    87 | D        | Reached skill level 5 in Dodging
    87 | D        | Reached XP level 5. HP: 12/47 MP: 5/5
    87 | D        | Reached XP level 6. HP: 14/53 MP: 6/6
   343 | D        | Found a burning altar of Makhleb.
   343 | D        | Found a shimmering altar of Xom.
   343 | D        | Noticed a slime creature
   344 | D        | Found a viscous altar of Jiyva.
   344 | D        | Found a corrupted altar of Lugonu.
   351 | D        | Killed a slime creature
   400 | D        | Found an ornate altar of the Wu Jian Council.
   400 | D        | Found a shimmering blue altar of Sif Muna.
   402 | D        | Found a radiant altar of Vehumet.
   411 | D        | Splashed by a jelly's acid

Illustrated notes

Levels and vault maps discovered:
D:        dungeon_sprint_1 [red_sonja_temple_1, red_sonja_temple_small_1]

Skill      XL: |  1  2  3  4  5  6 |
---------------+-------------------+-----
Fighting       | 4 5 6 7 |  7.9
Axes           | 3 4 6 7 |  7.2
Armour         | 3 4 5 6 |  6.9
Dodging        | 3 4 5 6 |  6.9

Action                   |  1- 3 |  4- 6 || total
-------------------------+-------+-------++-------
Melee: Hand axe          |    11 |    23 ||    34
       Headbutt          |       |     8 ||     8
Invok: Berserk           |     2 |     2 ||     4
  Use: Potion            |       |     4 ||     4
Dodge: Dodged            |     5 |     4 ||     9
